 Dungeon Crawl Stone Soup version 0.15.1-1-gfacfea3 (webtiles) character file.

993 Kex the Shield-Bearer (level 8, -10/48 HPs)
             Began as a Gargoyle Fighter on Sept 28, 2014.
             Was an Initiate of Okawaru.
             Killed by divine providence
             ... invoked by an orc priest
              (16 damage)
             ... on Level 6 of the Dungeon.
             The game lasted 00:19:02 (6134 turns).

Kex the Shield-Bearer (Gargoyle Fighter)            Turns: 6134, Time: 00:19:03

HP -10/48        AC 12     Str 21      XL: 8   Next: 19%
MP   8/8         EV  7     Int  9      God: Okawaru [......]
Gold 236         SH 10     Dex 10      Spells:  0 memorised,  7 levels left

rFire  . . .     SeeInvis .     a - +0 flail
rCold  . . .     Clarity  .     b - +0 scale mail
rNeg   + . .     rCorr    .     c - +0 shield
rPois  +         rRot     +     (no helmet)
rElec  +         Spirit   .     (no cloak)
SustAb .         Warding  .     (no gloves)
rMut   .         Stasis   .     (no boots)
Gourm  .                        (no amulet)
MR     .....                    (no ring)
                                (no ring)

@: not resistant to hostile enchantments, extremely unstealthy
A: negative energy resistance 1, electricity resistance, unbreathing,
petrification resistance, rot immunity, AC +5
a: Renounce Religion


You were on level 6 of the Dungeon.
You worshipped Okawaru.
Okawaru was noncommittal.
You were very hungry.

You visited 1 branch of the dungeon, and saw 6 of its levels.

You collected 236 gold pieces.

Inventory:

Hand weapons
 a - a +0 flail (weapon)
Armour
 b - a +0 scale mail (worn)
 c - a +0 shield (worn)
Comestibles
 d - 5 bread rations
 p - 4 slices of pizza
 t - 3 royal jellies
 w - 2 meat rations
 B - 2 beef jerkies
Scrolls
 g - 2 scrolls of random uselessness {unknown}
 h - 2 scrolls of amnesia {unknown}
 i - a scroll of identify
 k - a scroll of enchant weapon {unknown}
 n - 2 scrolls of enchant armour {unknown}
 o - a scroll of teleportation {unknown}
 q - 2 scrolls of fear {unknown}
 r - 2 scrolls of recharging {unknown}
 v - a scroll of immolation {unknown}
 C - a scroll of remove curse {unknown}
Jewellery
 D - a +5 ring of slaying {unknown}
Potions
 e - a potion of might
 f - 4 potions of brilliance
 j - a potion of heal wounds {unknown}
 l - a potion of flight {unknown}
 m - a potion of mutation {unknown}
 s - a potion of haste {unknown}
 u - a potion of berserk rage {unknown}
 x - a potion of curing {unknown}
 z - a potion of restore abilities {unknown}
 A - a potion of cancellation {unknown}
 E - a potion of poison {unknown}


   Skills:
 + Level 4.8 Fighting
 + Level 4.0 Maces & Flails
 + Level 5.3 Armour
 + Level 3.6 Dodging
 - Level 0.2 Stealth
 + Level 6.3 Shields


You had 7 spell levels left.
You didn't know any spells.

Dungeon Overview and Level Annotations

Branches:
Dungeon (6/15)             Temple (0/1) D:4

Altars:
Ashenzari
Cheibriados
Dithmenos
Elyvilon
Kikubaaqudgha
Nemelex Xobeh
Okawaru
Trog
The Shining One

Annotations:
D:4 Eustachio
D:6 hurdos' ghost, average HOBe


Innate Abilities, Weirdness & Mutations

You are resistant to torment.
You are immune to poison.
Your stone body is very resilient (AC +5).
You resist negative energy.
You are resistant to electric shocks.
You can survive without breathing.
You are immune to petrification.
You are immune to rotting.


Message History

The orc warrior hits you with a glowing war axe!
* * * LOW HITPOINT WARNING * * *
The orc priest becomes somewhat translucent.
Drink which item? (? for menu, Esc to quit)
Okay, then.
Read which item? (? for menu, Esc to quit)
Blink to where?
Press: ? - help, Dir - move target cursor, f - orc warrior
Aim: an orc warrior, wielding a glowing war axe and wearing a chain mail (moderately wounded)
As you read the scroll labeled STROLE XOPTEU, it crumbles to dust.
Oops!
Maybe something was there already.
You blink.
It was a scroll of blinking.
The orc priest hits you but does no damage.
You are feeling very hungry.
You block the orc's attack.
The orc priest calls upon Beogh to heal the orc warrior.
The orc warrior's wounds heal themselves!
The orc priest calls down the wrath of Beogh upon you.
Something smites you!
You die...

#..#
##.....#.......
..#
##.............. .
##...............
#..#####..........
#.## ##.........
#.# #......... #.#
#......... #.#
##......... ##.#
###.@........ #.##
##..o..........
###
#..o##.........
#..###.........
##.## #.........
#####.o# .........
#.....##
.o........ #######
...........
...........


You could see an orc warrior, an orc priest and an orc.

Vanquished Creatures
  The ghost of SolBianca the Chopper, an average HuBe of Trog (D:3)
  A sky beast (D:3)
  A phantom (D:5)
  A centaur (D:5)
  A giant frog skeleton (D:4)
  A black bear skeleton (D:5)
  An orc wizard (D:5)
  4 worker ants
  11 adders
  10 green rats
  3 gnolls (D:2)
  An inept item mimic (D:5)
  A giant mite (D:1)
  4 worms
  2 giant geckos (D:4)
  An ooze (D:2)
  6 orcs
  2 ball pythons
  14 bats
  A bat zombie (D:6)
  A giant cockroach (D:2)
  12 goblins
  9 hobgoblins
  14 jackals
  4 quokkas (D:4)
  2 giant gecko zombies
  7 giant newts
  9 kobolds
  A kobold skeleton (D:5)
  42 rats
168 creatures vanquished.

Notes
Turn   | Place    | Note
--------------------------------------------------------------
     0 | D:1      | Kex, the Gargoyle Fighter, began the quest for the Orb.
     0 | D:1      | Reached XP level 1. HP: 14/14 MP: 1/1
   432 | D:1      | Reached XP level 2. HP: 17/19 MP: 2/2
   908 | D:1      | Reached XP level 3. HP: 23/23 MP: 3/3
  1428 | D:2      | Reached skill level 1 in Dodging
  1428 | D:2      | Reached XP level 4. HP: 21/29 MP: 4/4
  1658 | D:2      | Reached skill level 4 in Armour
  1848 | D:2      | Reached XP level 5. HP: 26/33 MP: 5/5
  2079 | D:3      | Found a shattered altar of Ashenzari.
  2167 | D:3      | Found a bloodstained altar of Trog.
  2170 | D:3      | Found an ancient bone altar of Kikubaaqudgha.
  2172 | D:3      | Found a glowing golden altar of the Shining One.
  2173 | D:3      | Found a shadowy altar of Dithmenos.
  2175 | D:3      | Found a snail-covered altar of Cheibriados.
  2418 | D:3      | Noticed SolBianca's ghost (average HuBe)
  2732 | D:3      | Killed SolBianca's ghost
  2732 | D:3      | Reached XP level 6. HP: 11/38 MP: 6/6
  3003 | D:3      | Found an iron altar of Okawaru.
  3012 | D:3      | Found a sparkling altar of Nemelex Xobeh.
  3037 | D:3      | Reached skill level 5 in Shields
  3049 | D:3      | Became a worshipper of Warmaster Okawaru
  3098 | D:3      | Noticed a sky beast
  3123 | D:3      | Killed a sky beast
  3123 | D:3      | Reached XP level 7. HP: 33/44 MP: 7/7
  3330 | D:3      | Found a white marble altar of Elyvilon.
  3668 | D:4      | Found a staircase to the Ecumenical Temple.
  3985 | D:4      | Noticed Eustachio
  4616 | D:5      | Entered Level 5 of the Dungeon
  4718 | D:5      | Reached skill level 5 in Armour
  5288 | D:5      | Reached XP level 8. HP: 48/48 MP: 8/8
  5312 | D:5      | Reached skill level 6 in Shields
  5877 | D:6      | Noticed hurdos' ghost (average HOBe)
  6134 | D:6      | Killed from afar by an orc priest

Action                   |  1- 3 |  4- 6 |  7- 9 || total
-------------------------+-------+-------+-------++-------
Melee: Flail             |   145 |   247 |   375 ||   767
  Use: Scroll            |       |     3 |     1 ||     4
  Eat: Chunk             |     2 |     6 |     8 ||    16
       Pizza             |       |       |     1 ||     1
